 Dungeon Crawl Stone Soup version 0.20-a0-1116-gaa52201 (webtiles) character file.

594 Dolanko the Slasher (level 7, -3/60 HPs)
             Began as a Purple Draconian Gladiator on May 8, 2017.
             Slain by a worm (7 damage)
             ... on level 4 of the Dungeon.
             The game lasted 00:07:09 (3955 turns).

Dolanko the Slasher (Purple Draconian Gladiator)    Turns: 3955, Time: 00:07:10

Health: -3/60      AC:  6    Str: 16    XL:     7   Next: 16%
Magic:  7/7        EV: 14    Int:  9    God:
Gold:   201        SH:  0    Dex: 14    Spells: 6/6 levels left

rFire    + . .     SeeInvis +   a - +0 long sword
rCold    + . .     Gourm    .   (no shield)
rNeg     . . .     Faith    .   (armour unavailable)
rPois    .         Spirit   .   b - +0 hat
rElec    .         Reflect  .   j - scarf {rC+ rF+}
rCorr    .         Harm     .   (no gloves)
MR       +....                  (no boots)
Stlth    +.........             (no amulet)
Regen    0.2/turn               n - ring of see invisible
MPRegen  0.1/turn               (no ring)

@: no status effects
A: breathe power, unfitting armour, cold-blooded, AC +6
a: Breathe Dispelling Energy


You were on level 4 of the Dungeon.
You were very hungry.

You visited 1 branch of the dungeon, and saw 4 of its levels.

You collected 201 gold pieces.

Inventory:

Hand Weapons
 a - a +0 long sword (weapon)
Missiles
 c - a throwing net (quivered)
Armour
 b - a +0 hat (worn)
 j - a scarf of resistance (worn)
Jewellery
 n - a ring of see invisible (left hand)
 p - an uncursed amulet of rage {unknown}
Wands
 f - a wand of confusion (34/48)
 o - a wand of iceblast (0/15)
Scrolls
 e - a scroll of identify
 i - a scroll of remove curse
 l - a scroll of amnesia
 q - a scroll of recharging {unknown}
Potions
 h - 2 potions of flight {unknown}
 k - a potion of brilliance {unknown}
Comestibles
 d - 3 bread rations
 g - 2 meat rations
 m - 3 fruits


   Skills:
 + Level 4.9 Fighting
 * Level 6.2 Long Blades
 - Level 1.7 Throwing
 + Level 4.2 Dodging


You had 6 spell levels left.
You didn't know any spells.

Dungeon Overview and Level Annotations

Branches:
Dungeon (4/15)
 Temple: D:4-7

Altars:
Ashenzari
Elyvilon
Fedhas
Kikubaaqudgha
Okawaru
Qazlal
Ru

Shops:
D:4 }

Annotations:
D:3 cirnu's ghost, weakling DsFi
D:4 1 runed door


Innate Abilities, Weirdness & Mutations

You can breathe bolts of dispelling energy.
Your rich purple scales are hard. (AC +6)
You cannot fit into any form of body armour.
You are cold-blooded and may be slowed by cold attacks.


Message History

The worm barely misses you.
You riposte.
You slash the worm!
The worm is heavily wounded.
The worm bites you but does no damage. The worm closely misses you.
You riposte.
You hit the worm. You tail-slap the worm.
The worm is heavily wounded.
The worm bites you but does no damage. The worm bites you but does no damage.
The worm barely misses you. The worm misses you.
The worm bites you but does no damage. The worm misses you.
You riposte.
You hit the worm.
The worm is moderately wounded.
The worm bites you.
* * * LOW HITPOINT WARNING * * *
The worm bites you but does no damage. The worm bites you.
* * * LOW HITPOINT WARNING * * *
The worm bites you!
You die...

.....##.###'###......########
........# #.# #......+......##
.....##.###.###......######..####
.....+...........................
.....########........#######.....
.....# #........# #..... ....##
#..#'#...#######..... ....#
#..+∩+...##.......... ....#
####..#@#..###.#####..). ....#
#.......w...##.# #..)[ ....#
#...........##.# #.##) ....#
#...........##.# #..#. #####
#...........##<# ##.#.
####.......##### #.#. ######
#.......###### #.#. .....##
#.......#..... #.#. ..?...#
#.......#..... #.#.


You could see a worm.

Vanquished Creatures
  Grinder (D:3)
  A phantom (D:4)
  3 orc priests (D:4)
  A centaur skeleton (D:4)
  An iguana (D:4)
  4 gnolls (D:3)
  A howler monkey skeleton (D:4)
  4 adders
  An ooze (D:4)
  2 worms (D:2)
  3 dart slugs
  3 leopard geckos
  6 orcs (D:4)
  A ball python (D:2)
  3 giant cockroaches
  4 goblins
  6 hobgoblins
  3 jackals (D:1)
  4 bats
  4 frilled lizards
  6 kobolds
  7 rats
69 creatures vanquished.

Notes
Turn   | Place    | Note
-------+----------+-------------------------------------------
     0 | D:1      | Dolanko the Draconian Gladiator began the quest for the Orb.
     0 | D:1      | Reached XP level 1. HP: 17/17 MP: 1/1
   428 | D:1      | Reached XP level 2. HP: 23/25 MP: 2/2
   853 | D:2      | Reached XP level 3. HP: 28/30 MP: 3/3
  1369 | D:2      | Reached skill level 4 in Long Blades
  1746 | D:3      | Reached XP level 4. HP: 12/38 MP: 4/4
  2156 | D:3      | Noticed Grinder
  2163 | D:3      | Paralysed by Grinder for 4 turns
  2171 | D:3      | Killed Grinder
  2171 | D:3      | Reached skill level 5 in Long Blades
  2171 | D:3      | Reached XP level 5. HP: 15/46 MP: 5/5
  2171 | D:3      | Reached XP level 6. HP: 17/52 MP: 6/6
  2382 | D:3      | Found a shattered altar of Ashenzari.
  2382 | D:3      | Found an iron altar of Okawaru.
  2382 | D:3      | Found a white marble altar of Elyvilon.
  2382 | D:3      | Found a blossoming altar of Fedhas.
  2389 | D:3      | Found a stormy altar of Qazlal.
  2389 | D:3      | Found an ancient bone altar of Kikubaaqudgha.
  2452 | D:3      | Noticed cirnu's ghost (weakling DsFi)
  3338 | D:4      | Reached skill level 6 in Long Blades
  3338 | D:4      | Your scales start taking on a rich purple colour.
  3338 | D:4      | Reached XP level 7. HP: 16/60 MP: 7/7
  3721 | D:4      | Found a sacrificial altar of Ru.
  3780 | D:4      | Found a runed door.
  3861 | D:4      | Found Gorashryboi's Gadget Emporium.
  3955 | D:4      | Slain by a worm

Vault maps used:
D:1:      dpeg_arrival_chase, serial_glass, glass_columns_a, glass_columns_b,
          minmay_misc_feat_tower, kennysheep_small_spiral
D:2:      hangedman_decor_points, st_stairs_8, feat_on_display
D:3:      minmay_overflow_temple_hex, uniq_grinder
D:4:      lemuel_doored_altar, first_bread, serial_shops, kennysheep_mini_moat,
          minivault_4, grunt_decor_arrowhead, minmay_misc_feat_more_columns,
          uniq_crazy_yiuf_cottage

Skill      XL: |  1  2  3  4  5  6 |
---------------+-------------------+-----
Fighting       | 3 4 |  4.9
Dodging        | 3 4 |  4.2
Long Blades    | 4 5 6 |  6.2
Throwing       | |  1.7

Action                   |  1- 3 |  4- 6 |  7- 9 || total
-------------------------+-------+-------+-------++-------
Melee: Long sword        |    97 |   101 |    13 ||   211
       Tailslap          |    10 |    16 |     3 ||    29
Throw: Throwing net      |     3 |     1 |       ||     4
Evoke: Wand              |       |     3 |       ||     3
  Use: Scroll            |     4 |     3 |       ||     7
       Potion            |       |     2 |       ||     2
 Stab: Sleeping          |     1 |     1 |       ||     2
  Eat: Chunk             |     3 |       |     1 ||     4
       Bread ration      |       |     1 |       ||     1
Armor: Skin              |    22 |    16 |    11 ||    49
Dodge: Dodged            |    63 |    80 |    43 ||   186
       Rpst.: Long sword |    22 |    33 |    11 ||    66
